Predators vs Blue Jackets

Created - 10 février 2024 at 08:48

Goals
1 2 3 T
Predators 2 0 2 4
Blue Jackets 0 1 1 2
Shots
1 2 3 T
Predators 15 10 7 32
Blue Jackets 9 14 7 30

GoalsPenalties
1st period
1. Predators , Steven Stamkos 18 (Claude Giroux 45) at 16:08 (PP)
2. Predators , Jaden Schwartz 10 (Blake Lizotte 29, Phil Kessel 25) at 16:54
Adam Erne (NAS) for Hooking (Minor) at 11:04
Keegan Kolesar (NAS) for Hooking (Minor) at 13:57
Nazem Kadri (CLB) for High sticking (Minor) at 16:05
Mattias Ekholm (CLB) for Holding (Minor) at 17:37
2nd period
3. Blue Jackets , Nazem Kadri 13 (J.T. Miller 43, Evan Bouchard 10) at 4:20
Simon Benoit (CLB) for Hooking (Minor) at 5:29
3rd period
4. Predators , Cole Caufield 23 (Steven Stamkos 35, Claude Giroux 46) at 0:12
5. Predators , Mason McTavish 9 (Nicolas Hague 25) at 2:32
6. Blue Jackets , Jonathan Marchessault 21 (Evan Bouchard 11) at 10:42
Nazem Kadri (CLB) for Fighting (Major) at 8:36
Claude Giroux (NAS) for Fighting (Major) at 8:36
Nazem Kadri (CLB) for instigated a fight (Minor) at 8:36
Nazem Kadri (CLB) for instigated a fight (10 Minutes Misconduct) at 8:36
Goalie Stats
Carter Hart (NAS), 28 saves from 30 shots - (0,933), W, 26-26-8, 60:00 minutes
Thatcher Demko (CLB), 28 saves from 32 shots - (0,875), L, 32-20-6, 60:00 minutes
3 StarsOfficial
1 - Steven Stamkos (NAS)
2 - Cole Caufield (NAS)
3 - Nicolas Hague (NAS)
Referees : Francis Charron and François St-Laurent
Linesman : Shandor Alphonso and Jonny Murray
Game Note
1:31 of 1st period - Penalty Shot by Simon Benoit for Blue Jackets - Stopped by Carter Hart
11:33 of 2nd period - Blue Jackets goal is going for a video replay. After video review, No Goal. The puck has been kicked using a distinct kicking motion.
Nazem Kadri and Claude Giroux fight to a draw at 8:36 of 3rd period
Finance
Level 1 -- Attendance: 6024 (96%) -- Ticket Income $542,160
Level 2 -- Attendance: 4970 (92%) -- Ticket Income $273,350
Level 3 -- Attendance: 3581 (96%) -- Ticket Income $107,430
Level 4 -- Attendance: 3664 (80%) -- Ticket Income $65,952
Luxury Box -- Attendance: 923 (84%) -- Ticket Income $170,755
Game was played at the Nationwide Arena.
Total Attendance: 19162 (91%)
Total Ticket Income: $1,159,647
Other Income: $347,894
Total Income: $1,507,541



Team Name Goals Shots Shots Attemp Shots Blocked PIM HIT PP PK FO%
Predators 4326849161 / 5 (20%)059%
Blue Jackets 230481423200 / 2 (0%)141%

Predators
Player Name POS G A P +/- PIM HIT SHT SB MP PP MP PP SHT PK MP PK SHT FO% FOT GA TA
Adam BoqvistD0000000113:382:2500:0000% 010
Adam ErneLW/RW0000233012:250:0600:4400% 100
Blake LizotteC0110013021:312:5402:35053% 1900
Calvin de HaanD0000000012:300:0001:1300% 000
Claude GirouxC/RW0221504020:282:0501:23060% 3000
Cole CaufieldLW/RW1011012021:033:1000:00050% 201
Erik GustafssonD000-1012023:163:3500:0000% 010
J.J. PeterkaLW/RW000000105:330:0000:0000% 000
Jaden SchwartzLW1010013018:242:4400:39050% 200
Keegan KolesarRW0000201012:350:3200:000100% 120
Luke GlendeningC/LW/RW0000012014:500:4902:35067% 900
Mason McTavishC/LW101001505:450:1200:000100% 100
Nicolas HagueD0112010120:200:0001:1300% 002
Pat MaroonLW/RW000000005:330:0000:0000% 001
Phil KesselRW0110022016:492:1800:0000% 030
Ryan McDonaghD000-1011126:023:3502:4500% 000
Steven StamkosC/LW1121003121:033:1010:00067% 320
Timothy LiljegrenD0002030024:142:2502:4500% 011
Blue Jackets
Player Name POS G A P +/- PIM HIT SHT SB MP PP MP PP SHT PK MP PK SHT FO% FOT GA TA
Alexander KerfootLW/RW0000002014:542:3012:3800% 010
David SavardD000-1000021:052:0402:1400% 000
Erik GudbransonD0001012014:310:0000:5600% 002
Evan BouchardD022-1010121:081:5402:5000% 001
Frederick GaudreauC/LW000-1000117:300:0003:22046% 2401
J.T. MillerC/LW/RW0111036119:551:2801:25120% 510
Jamie OleksiakD000-1030226:491:5403:3200% 002
Jason DickinsonC/LW000-1012112:250:0003:16040% 502
Jonathan MarchessaultLW/RW1011005019:552:3010:0000% 111
Matthew BoldyLW/RW000-1002015:361:2800:000100% 100
Mattias EkholmD000-1210224:212:0402:1400% 010
Nazem KadriC10101944116:262:3020:00044% 2700
Philipp KurashevC/LW/RW000-100109:300:0000:0000% 000
Sam LaffertyC/LW/RW000001119:450:0000:1500% 000
Seth JarvisRW0000012112:591:2800:0000% 211
Simon BenoitD0001221012:050:0000:1400% 000
Trevor MooreLW/RW000-1012316:010:0001:0400% 100
Ty DellandreaC/RW000001009:000:0000:00050% 200

Predators

5 vs 5 Forward
Line #Left WingCenterRight WingPHYDFOFWanted %Time %Time Play
1Steven StamkosClaude GirouxCole Caufield1224237%18:23
2Jaden SchwartzBlake LizottePhil Kessel1223229%14:40
3Adam ErneLuke GlendeningKeegan Kolesar1222423%11:26
4J.J. PeterkaMason McTavishPat Maroon122211%5:33
5 vs 5 Defense
Line #DefenseDefensePHYDFOFWanted %Time %Time Play
1Ryan McDonaghErik Gustafsson1224039%19:42
2Timothy LiljegrenNicolas Hague1224038%19:12
3Adam BoqvistCalvin de Haan1222022%11:08
4Ryan McDonaghTimothy Liljegren12200%0:00
Power Play Forward
Line #Left WingCenterRight WingPHYDFOFWanted %Time %Time Play
1Steven StamkosClaude GirouxCole Caufield0147062%3:42
2Jaden SchwartzBlake LizottePhil Kessel0143038%2:18
Power Play Defense
Line #DefenseDefensePHYDFOFWanted %Time %Time Play
1Erik GustafssonRyan McDonagh1137060%3:35
2Adam BoqvistTimothy Liljegren1133040%2:25
Penalty Kill 4 Players Forward
Line #CenterWingPHYDFOFWanted %Time %Time Play
1Luke GlendeningBlake Lizotte1406066%2:37
2Claude GirouxAdam Erne1404034%1:21
Penalty Kill 4 Players Defense
Line #DefenseDefensePHYDFOFWanted %Time %Time Play
1Timothy LiljegrenRyan McDonagh1406569%2:45
2Nicolas HagueCalvin de Haan1403531%1:13
Penalty Kill 3 Players
Line #WingPHYDFOFWanted %Time %Time PlayDefenseDefensePHYDFOFWanted %Time %Time Play
1Luke Glendening140600%0:00 Timothy LiljegrenRyan McDonagh140650%0:00
2Claude Giroux140400%0:00 Nicolas HagueCalvin de Haan140350%0:00
4 vs 4 Forward
Line #CenterWingPHYDFOFWanted %Time %Time Play
1Steven StamkosCole Caufield122500%0:00
2Claude GirouxJaden Schwartz122500%0:00
4 vs 4 Defense
Line #DefensePHYDFOFWanted %Time %Time Play
1Erik GustafssonRyan McDonagh122500%0:00
2Nicolas HagueTimothy Liljegren122500%0:00
Last Minutes Offensive
Left WingCenterRight WingDefenseDefense
Steven StamkosClaude GirouxCole CaufieldErik GustafssonAdam Boqvist
Last Minutes Defensive
Left WingCenterRight WingDefenseDefense
Blake LizotteLuke GlendeningKeegan KolesarTimothy LiljegrenNicolas Hague
Time
Total ForwardTotal DefenseLast Minutes OffensiveLast Minutes Defensive
60:00 60:00 0:000:00
Extra Forwards
Normal PowerPlayPenalty Kill
Steven Stamkos, Claude Giroux, Cole CaufieldSteven Stamkos, Claude GirouxLuke Glendening
Extra Defensemen
Normal PowerPlayPenalty Kill
Ryan McDonagh, Timothy Liljegren, Erik GustafssonErik Gustafsson, Ryan McDonaghTimothy Liljegren
Penalty Shots
Steven Stamkos, Claude Giroux, Cole Caufield, Jaden Schwartz, Blake Lizotte
Goalie
Carter Hart, Jonathan Quick
Scratches
None

Blue Jackets

5 vs 5 Forward
Line #Left WingCenterRight WingPHYDFOFWanted %Time %Time Play
1Jonathan MarchessaultNazem KadriJ.T. Miller1223735%17:43
2Matthew BoldyFrederick GaudreauTrevor Moore1223329%14:35
3Philipp KurashevJason DickinsonSeth Jarvis1222018%9:07
4Sam LaffertyTy DellandreaAlexander Kerfoot1311017%8:37
5 vs 5 Defense
Line #DefenseDefensePHYDFOFWanted %Time %Time Play
1Jamie OleksiakMattias Ekholm1314040%19:48
2Evan BouchardDavid Savard1223034%16:47
3Erik GudbransonSimon Benoit1402023%11:29
4Erik GudbransonJamie Oleksiak131104%1:58
Power Play Forward
Line #Left WingCenterRight WingPHYDFOFWanted %Time %Time Play
1Matthew BoldyJ.T. MillerSeth Jarvis0146037%1:28
2Jonathan MarchessaultNazem KadriAlexander Kerfoot0234063%2:30
Power Play Defense
Line #DefenseDefensePHYDFOFWanted %Time %Time Play
1Evan BouchardJamie Oleksiak1226048%1:54
2Mattias EkholmDavid Savard1224052%2:04
Penalty Kill 4 Players Forward
Line #CenterWingPHYDFOFWanted %Time %Time Play
1Frederick GaudreauJason Dickinson1406076%4:35
2J.T. MillerAlexander Kerfoot1404024%1:25
Penalty Kill 4 Players Defense
Line #DefenseDefensePHYDFOFWanted %Time %Time Play
1Mattias EkholmJamie Oleksiak1406063%3:46
2David SavardEvan Bouchard1404037%2:14
Penalty Kill 3 Players
Line #WingPHYDFOFWanted %Time %Time PlayDefenseDefensePHYDFOFWanted %Time %Time Play
1J.T. Miller140600%0:00 Mattias EkholmJamie Oleksiak140600%0:00
2Frederick Gaudreau140400%0:00 David SavardErik Gudbranson140400%0:00
4 vs 4 Forward
Line #CenterWingPHYDFOFWanted %Time %Time Play
1J.T. MillerJonathan Marchessault122600%0:00
2Nazem KadriMatthew Boldy122400%0:00
4 vs 4 Defense
Line #DefensePHYDFOFWanted %Time %Time Play
1Evan BouchardMattias Ekholm122600%0:00
2Jamie OleksiakDavid Savard122400%0:00
Last Minutes Offensive
Left WingCenterRight WingDefenseDefense
Jonathan MarchessaultNazem KadriJ.T. MillerEvan BouchardMattias Ekholm
Last Minutes Defensive
Left WingCenterRight WingDefenseDefense
Jason DickinsonJ.T. MillerAlexander KerfootMattias EkholmJamie Oleksiak
Time
Total ForwardTotal DefenseLast Minutes OffensiveLast Minutes Defensive
60:00 60:00 0:000:00
Extra Forwards
Normal PowerPlayPenalty Kill
Nazem Kadri, Seth Jarvis, Trevor MooreNazem Kadri, Seth JarvisTrevor Moore
Extra Defensemen
Normal PowerPlayPenalty Kill
Erik Gudbranson, Evan Bouchard, Mattias EkholmErik Gudbranson, Erik GudbransonMattias Ekholm
Penalty Shots
J.T. Miller, Jonathan Marchessault, Matthew Boldy, Seth Jarvis, Alexander Kerfoot
Goalie
Thatcher Demko, James Reimer
Scratches
Aaron Ekblad (Fractured Bone in Right Hand Injury), Andreas Athanasiou (Healthy)


Play-by-Play

1st period


0:01 of 1st period - Nazem Kadri wins face-off versus Claude Giroux in neutral zone.
0:06 of 1st period - Erik Gustafsson is hit by Nazem Kadri and loses puck.
0:27 of 1st period - Phil Kessel is hit by Jamie Oleksiak and loses puck.
1:01 of 1st period - Nicolas Hague is hit by Simon Benoit and loses puck.
1:12 of 1st period - Erik Gudbranson is hit by Timothy Liljegren and loses puck.
1:23 of 1st period - Snap shot by Claude Giroux.
1:23 of 1st period - Stopped by Thatcher Demko with a rebound.
1:31 of 1st period - Penalty Shot by Simon Benoit for Blue Jackets.
1:31 of 1st period - Wrist shot by Simon Benoit.
1:31 of 1st period - Stopped by Carter Hart.
1:32 of 1st period - Nazem Kadri wins face-off versus Blake Lizotte in Blue Jackets zone.
1:36 of 1st period - Off-side.
1:37 of 1st period - Nazem Kadri wins face-off versus Blake Lizotte in neutral zone.
1:52 of 1st period - J.T. Miller is hit by Phil Kessel and loses puck.
2:03 of 1st period - Snap shot by Claude Giroux.
2:03 of 1st period - Shot Blocked by Trevor Moore.
2:05 of 1st period - Wrist shot by Cole Caufield.
2:05 of 1st period - Shot Misses the Net.
2:07 of 1st period - Slapshot by Calvin de Haan.
2:07 of 1st period - Shot Blocked by Evan Bouchard.
2:09 of 1st period - Snap shot by Cole Caufield.
2:09 of 1st period - Shot Misses the Net.
2:27 of 1st period - Slapshot by Erik Gustafsson.
2:27 of 1st period - Shot Misses the Net.
2:37 of 1st period - Adam Erne is hit by Seth Jarvis.
2:38 of 1st period - Icing by Adam Erne.
2:39 of 1st period - Frederick Gaudreau wins face-off versus Luke Glendening in Predators zone.
3:06 of 1st period - Wrist shot by Keegan Kolesar.
3:06 of 1st period - Stopped by Thatcher Demko with a rebound.
3:12 of 1st period - Slapshot by Erik Gustafsson.
3:12 of 1st period - Shot Blocked by Frederick Gaudreau.
3:14 of 1st period - Slapshot by Ryan McDonagh.
3:14 of 1st period - Stopped by Thatcher Demko with a rebound.
3:16 of 1st period - Slapshot by Erik Gustafsson.
3:16 of 1st period - Stopped by Thatcher Demko with a rebound.
3:18 of 1st period - Snap shot by Erik Gustafsson.
3:18 of 1st period - Shot Misses the Net.
3:22 of 1st period - Wrist shot by Adam Erne.
3:22 of 1st period - Stopped by Thatcher Demko without a rebound.
3:23 of 1st period - Claude Giroux wins face-off versus Nazem Kadri in Blue Jackets zone.
3:56 of 1st period - Snap shot by Seth Jarvis.
3:56 of 1st period - Deflect By Jason Dickinson.
3:56 of 1st period - Stopped by Carter Hart with a rebound.
3:58 of 1st period - Wrist shot by Seth Jarvis.
3:58 of 1st period - Shot Hit the Post.
4:00 of 1st period - Slapshot by Simon Benoit.
4:00 of 1st period - Shot Misses the Net.
4:16 of 1st period - Alexander Kerfoot is hit by Mason McTavish and loses puck.
5:34 of 1st period - Icing by Seth Jarvis.
5:35 of 1st period - Jason Dickinson wins face-off versus Blake Lizotte in Blue Jackets zone.
5:48 of 1st period - Snap shot by Blake Lizotte.
5:48 of 1st period - Stopped by Thatcher Demko without a rebound.
5:49 of 1st period - Nazem Kadri wins face-off versus Claude Giroux in Blue Jackets zone.
6:04 of 1st period - Snap shot by J.T. Miller.
6:04 of 1st period - Shot Blocked by Steven Stamkos.
6:06 of 1st period - Snap shot by Nazem Kadri.
6:06 of 1st period - Stopped by Carter Hart without a rebound.
6:07 of 1st period - Frederick Gaudreau wins face-off versus Blake Lizotte in Predators zone.
7:05 of 1st period - Snap shot by Alexander Kerfoot.
7:05 of 1st period - Shot Blocked by Nicolas Hague.
7:34 of 1st period - Off-side.
7:35 of 1st period - Frederick Gaudreau wins face-off versus Blake Lizotte in neutral zone.
8:51 of 1st period - Wrist shot by Mason McTavish.
8:51 of 1st period - Stopped by Thatcher Demko without a rebound.
8:52 of 1st period - Mason McTavish wins face-off versus Nazem Kadri in Blue Jackets zone.
8:59 of 1st period - Snap shot by J.J. Peterka.
8:59 of 1st period - Stopped by Thatcher Demko without a rebound.
9:00 of 1st period - Claude Giroux wins face-off versus Nazem Kadri in Blue Jackets zone.
9:19 of 1st period - Slapshot by J.T. Miller.
9:19 of 1st period - Stopped by Carter Hart with a rebound.
9:35 of 1st period - Wrist shot by J.T. Miller.
9:35 of 1st period - Deflect By Steven Stamkos.
9:35 of 1st period - Shot Blocked by Adam Boqvist.
9:35 of 1st period - Puck is out of play.
9:36 of 1st period - Frederick Gaudreau wins face-off versus Blake Lizotte in Predators zone.
9:37 of 1st period - Snap shot by Matthew Boldy.
9:37 of 1st period - Deflect By Trevor Moore.
9:37 of 1st period - Shot Misses the Net.
9:37 of 1st period - Puck is out of play.
9:38 of 1st period - Jaden Schwartz wins face-off versus Frederick Gaudreau in Predators zone.
10:15 of 1st period - Wrist shot by Adam Erne.
10:15 of 1st period - Stopped by Thatcher Demko without a rebound.
10:16 of 1st period - Claude Giroux wins face-off versus Nazem Kadri in Blue Jackets zone.
10:49 of 1st period - Slapshot by Adam Boqvist.
10:49 of 1st period - Deflect By Phil Kessel.
10:49 of 1st period - Stopped by Thatcher Demko with a rebound.
10:51 of 1st period - Wrist shot by Blake Lizotte.
10:51 of 1st period - Shot Misses the Net.
10:53 of 1st period - Slapshot by Adam Boqvist.
10:53 of 1st period - Shot Blocked by Jason Dickinson.
11:04 of 1st period - Minor Penalty to Adam Erne for Hooking.
11:05 of 1st period - Blake Lizotte wins face-off versus J.T. Miller in Predators zone.
11:39 of 1st period - Backhand shot by Jonathan Marchessault.
11:39 of 1st period - Shot Misses the Net.
11:41 of 1st period - Snap shot by Alexander Kerfoot.
11:41 of 1st period - Stopped by Carter Hart without a rebound.
11:42 of 1st period - Luke Glendening wins face-off versus Nazem Kadri in Predators zone.
11:51 of 1st period - Wrist shot by Jonathan Marchessault.
11:51 of 1st period - Stopped by Carter Hart without a rebound.
11:52 of 1st period - Luke Glendening wins face-off versus J.T. Miller in Predators zone.
13:04 of 1st period - Penalty to Adam Erne is over, Adam Erne is back on ice.
13:24 of 1st period - Wrist shot by Seth Jarvis.
13:24 of 1st period - Deflect By Jason Dickinson.
13:24 of 1st period - Shot Misses the Net.
13:24 of 1st period - Puck is out of play.
13:25 of 1st period - Claude Giroux wins face-off versus Jason Dickinson in Predators zone.
13:52 of 1st period - Slapshot by Matthew Boldy.
13:52 of 1st period - Shot Misses the Net.
13:54 of 1st period - Snap shot by Matthew Boldy.
13:54 of 1st period - Stopped by Carter Hart without a rebound.
13:55 of 1st period - Keegan Kolesar wins face-off versus Nazem Kadri in Predators zone.
13:57 of 1st period - Minor Penalty to Keegan Kolesar for Hooking.
13:58 of 1st period - Luke Glendening wins face-off versus J.T. Miller in Predators zone.
13:58 of 1st period - Luke Glendening is hit by Evan Bouchard.
14:39 of 1st period - Wrist shot by Nazem Kadri.
14:39 of 1st period - Stopped by Carter Hart without a rebound.
14:40 of 1st period - Nazem Kadri wins face-off versus Luke Glendening in Predators zone.
15:22 of 1st period - Snap shot by Nazem Kadri.
15:22 of 1st period - Stopped by Carter Hart with a rebound.
15:57 of 1st period - Penalty to Keegan Kolesar is over, Keegan Kolesar is back on ice.
15:58 of 1st period - Calvin de Haan is hit by Nazem Kadri.
16:05 of 1st period - Minor Penalty to Nazem Kadri for High sticking.
16:06 of 1st period - Steven Stamkos wins face-off versus Frederick Gaudreau in Blue Jackets zone.
16:08 of 1st period - Wrist shot by Steven Stamkos.
16:08 of 1st period - Goal by Steven Stamkos - Predators : 1 - Blue Jackets : 0.
16:09 of 1st period - Frederick Gaudreau wins face-off versus Claude Giroux in neutral zone.
16:38 of 1st period - Wrist shot by Phil Kessel.
16:38 of 1st period - Deflect By Jaden Schwartz.
16:38 of 1st period - Shot Blocked by Jamie Oleksiak.
16:38 of 1st period - Puck is out of play.
16:39 of 1st period - Blake Lizotte wins face-off versus Jason Dickinson in Blue Jackets zone.
16:48 of 1st period - Wrist shot by Phil Kessel.
16:48 of 1st period - Shot Misses the Net.
16:50 of 1st period - Slapshot by Blake Lizotte.
16:50 of 1st period - Stopped by Thatcher Demko with a rebound.
16:52 of 1st period - Snap shot by Blake Lizotte.
16:52 of 1st period - Shot Misses the Net.
16:54 of 1st period - Wrist shot by Jaden Schwartz.
16:54 of 1st period - Goal by Jaden Schwartz - Predators : 2 - Blue Jackets : 0.
16:55 of 1st period - Cole Caufield wins face-off versus Nazem Kadri in neutral zone.
16:55 of 1st period - Cole Caufield is hit by Jamie Oleksiak.
17:07 of 1st period - Wrist shot by Claude Giroux.
17:07 of 1st period - Stopped by Thatcher Demko without a rebound.
17:08 of 1st period - Nazem Kadri wins face-off versus Claude Giroux in Blue Jackets zone.
17:19 of 1st period - Snap shot by J.T. Miller.
17:19 of 1st period - Stopped by Carter Hart without a rebound.
17:20 of 1st period - Claude Giroux wins face-off versus Nazem Kadri in Predators zone.
17:20 of 1st period - Claude Giroux is hit by J.T. Miller.
17:34 of 1st period - Snap shot by Claude Giroux.
17:34 of 1st period - Stopped by Thatcher Demko without a rebound.
17:35 of 1st period - Frederick Gaudreau wins face-off versus Jaden Schwartz in Blue Jackets zone.
17:37 of 1st period - Minor Penalty to Mattias Ekholm for Holding.
17:38 of 1st period - Frederick Gaudreau wins face-off versus Claude Giroux in Blue Jackets zone.
18:04 of 1st period - Jason Dickinson is hit by Phil Kessel and loses puck.
18:31 of 1st period - Evan Bouchard is hit by Timothy Liljegren and loses puck.
19:32 of 1st period - Frederick Gaudreau is hit by Jaden Schwartz and loses puck.
19:37 of 1st period - Penalty to Mattias Ekholm is over, Mattias Ekholm is back on ice.
19:43 of 1st period - Erik Gudbranson is hit by Adam Erne and loses puck.
Goals for this period are 2 for Predators vs 0 for Blue Jackets.
Shots for this period are 15 for Predators vs 9 for Blue Jackets.

2nd period


0:01 of 2nd period - Claude Giroux wins face-off versus Nazem Kadri in neutral zone.
0:16 of 2nd period - Snap shot by Steven Stamkos.
0:16 of 2nd period - Shot Misses the Net.
0:30 of 2nd period - Snap shot by Seth Jarvis.
0:30 of 2nd period - Stopped by Carter Hart with a rebound.
2:07 of 2nd period - Snap shot by Blake Lizotte.
2:07 of 2nd period - Shot Blocked by Seth Jarvis.
2:25 of 2nd period - Wrist shot by Frederick Gaudreau.
2:25 of 2nd period - Shot Misses the Net.
2:27 of 2nd period - Slapshot by Matthew Boldy.
2:27 of 2nd period - Stopped by Carter Hart without a rebound.
2:28 of 2nd period - Claude Giroux wins face-off versus Frederick Gaudreau in Predators zone.
2:35 of 2nd period - Slapshot by Steven Stamkos.
2:35 of 2nd period - Shot Misses the Net.
2:37 of 2nd period - Slapshot by Cole Caufield.
2:37 of 2nd period - Shot Blocked by Trevor Moore.
3:01 of 2nd period - J.T. Miller is hit by Blake Lizotte and loses puck.
3:39 of 2nd period - Sam Lafferty is hit by Timothy Liljegren and loses puck.
3:46 of 2nd period - Slapshot by Claude Giroux.
3:46 of 2nd period - Stopped by Thatcher Demko without a rebound.
3:47 of 2nd period - Blake Lizotte wins face-off versus Nazem Kadri in Blue Jackets zone.
4:20 of 2nd period - Wrist shot by Nazem Kadri.
4:20 of 2nd period - Goal by Nazem Kadri - Predators : 2 - Blue Jackets : 1.
4:21 of 2nd period - Claude Giroux wins face-off versus Frederick Gaudreau in neutral zone.
4:31 of 2nd period - Off-side.
4:32 of 2nd period - Claude Giroux wins face-off versus Nazem Kadri in neutral zone.
4:37 of 2nd period - Slapshot by Steven Stamkos.
4:37 of 2nd period - Stopped by Thatcher Demko without a rebound.
4:38 of 2nd period - Claude Giroux wins face-off versus Nazem Kadri in Blue Jackets zone.
4:45 of 2nd period - Wrist shot by Cole Caufield.
4:45 of 2nd period - Shot Blocked by Mattias Ekholm.
5:06 of 2nd period - Off-side.
5:07 of 2nd period - Blake Lizotte wins face-off versus Frederick Gaudreau in neutral zone.
5:18 of 2nd period - Snap shot by Blake Lizotte.
5:18 of 2nd period - Shot Misses the Net.
5:24 of 2nd period - Wrist shot by Blake Lizotte.
5:24 of 2nd period - Stopped by Thatcher Demko with a rebound.
5:29 of 2nd period - Minor Penalty to Simon Benoit for Hooking.
5:30 of 2nd period - Frederick Gaudreau wins face-off versus Cole Caufield in Blue Jackets zone.
6:00 of 2nd period - Wrist shot by J.T. Miller.
6:00 of 2nd period - Stopped by Carter Hart with a rebound.
6:06 of 2nd period - Snap shot by J.T. Miller.
6:06 of 2nd period - Deflect By Alexander Kerfoot.
6:06 of 2nd period - Shot Misses the Net.
6:06 of 2nd period - Puck is out of play.
6:07 of 2nd period - Steven Stamkos wins face-off versus Frederick Gaudreau in Predators zone.
6:34 of 2nd period - Blake Lizotte is hit by J.T. Miller and loses puck.
7:29 of 2nd period - Penalty to Simon Benoit is over, Simon Benoit is back on ice.
7:33 of 2nd period - Wrist shot by J.T. Miller.
7:33 of 2nd period - Stopped by Carter Hart without a rebound.
7:34 of 2nd period - Nazem Kadri wins face-off versus Luke Glendening in Predators zone.
7:44 of 2nd period - Off-side.
7:45 of 2nd period - Matthew Boldy wins face-off versus Claude Giroux in neutral zone.
7:56 of 2nd period - Wrist shot by Steven Stamkos.
7:56 of 2nd period - Shot Misses the Net.
8:46 of 2nd period - Wrist shot by Blake Lizotte.
8:46 of 2nd period - Shot Misses the Net.
9:40 of 2nd period - Snap shot by Jaden Schwartz.
9:40 of 2nd period - Shot Blocked by Sam Lafferty.
9:52 of 2nd period - Snap shot by Jaden Schwartz.
9:52 of 2nd period - Stopped by Thatcher Demko without a rebound.
9:53 of 2nd period - Claude Giroux wins face-off versus Frederick Gaudreau in Blue Jackets zone.
9:56 of 2nd period - Snap shot by Cole Caufield.
9:56 of 2nd period - Stopped by Thatcher Demko without a rebound.
9:57 of 2nd period - Claude Giroux wins face-off versus Frederick Gaudreau in Blue Jackets zone.
10:08 of 2nd period - Snap shot by Trevor Moore.
10:08 of 2nd period - Stopped by Carter Hart with a rebound.
10:48 of 2nd period - Snap shot by Seth Jarvis.
10:48 of 2nd period - Shot Misses the Net.
10:50 of 2nd period - Slapshot by Simon Benoit.
10:50 of 2nd period - Stopped by Carter Hart with a rebound.
10:52 of 2nd period - Slapshot by Erik Gudbranson.
10:52 of 2nd period - Stopped by Carter Hart with a rebound.
10:54 of 2nd period - Slapshot by Erik Gudbranson.
10:54 of 2nd period - Stopped by Carter Hart with a rebound.
11:19 of 2nd period - Off-side.
11:20 of 2nd period - Nazem Kadri wins face-off versus Adam Erne in neutral zone.
11:31 of 2nd period - Wrist shot by J.T. Miller.
11:31 of 2nd period - Stopped by Carter Hart with a rebound.
11:33 of 2nd period - Wrist shot by Mattias Ekholm.
11:33 of 2nd period - Deflect By Jonathan Marchessault.
11:33 of 2nd period - Blue Jackets goal is going for a video replay.
11:33 of 2nd period - The goal is refused. The puck has been kicked using a distinct kicking motion..
11:34 of 2nd period - Claude Giroux wins face-off versus J.T. Miller in Predators zone.
11:34 of 2nd period - Claude Giroux is hit by Nazem Kadri.
12:02 of 2nd period - Slapshot by Ryan McDonagh.
12:02 of 2nd period - Shot Misses the Net.
12:04 of 2nd period - Wrist shot by Luke Glendening.
12:04 of 2nd period - Shot Misses the Net.
12:34 of 2nd period - Snap shot by Philipp Kurashev.
12:34 of 2nd period - Stopped by Carter Hart with a rebound.
13:18 of 2nd period - Slapshot by Steven Stamkos.
13:18 of 2nd period - Stopped by Thatcher Demko with a rebound.
13:20 of 2nd period - Slapshot by Adam Boqvist.
13:20 of 2nd period - Shot Misses the Net.
13:44 of 2nd period - Wrist shot by Trevor Moore.
13:44 of 2nd period - Shot Misses the Net.
14:02 of 2nd period - Slapshot by Jason Dickinson.
14:02 of 2nd period - Shot Misses the Net.
14:16 of 2nd period - Erik Gustafsson is hit by J.T. Miller and loses puck.
14:39 of 2nd period - Wrist shot by Adam Erne.
14:39 of 2nd period - Shot Misses the Net.
15:23 of 2nd period - Snap shot by Seth Jarvis.
15:23 of 2nd period - Deflect By Jason Dickinson.
15:23 of 2nd period - Stopped by Carter Hart without a rebound.
15:24 of 2nd period - Jason Dickinson wins face-off versus Blake Lizotte in Predators zone.
16:02 of 2nd period - Off-side.
16:03 of 2nd period - Claude Giroux wins face-off versus Nazem Kadri in neutral zone.
16:03 of 2nd period - Cole Caufield is hit by Nazem Kadri and loses puck.
16:40 of 2nd period - Matthew Boldy is hit by Adam Erne and loses puck.
16:55 of 2nd period - Snap shot by Mason McTavish.
16:55 of 2nd period - Stopped by Thatcher Demko with a rebound.
16:58 of 2nd period - Icing by Erik Gudbranson.
16:59 of 2nd period - Ty Dellandrea wins face-off versus Claude Giroux in Blue Jackets zone.
16:59 of 2nd period - Ty Dellandrea is hit by Cole Caufield.
17:27 of 2nd period - Snap shot by Jonathan Marchessault.
17:27 of 2nd period - Stopped by Carter Hart without a rebound.
17:28 of 2nd period - Luke Glendening wins face-off versus Jonathan Marchessault in Predators zone.
17:28 of 2nd period - Luke Glendening is hit by Jamie Oleksiak.
17:59 of 2nd period - Jonathan Marchessault is hit by Luke Glendening and loses puck.
18:08 of 2nd period - Wrist shot by Luke Glendening.
18:08 of 2nd period - Shot Misses the Net.
18:12 of 2nd period - Wrist shot by Adam Erne.
18:12 of 2nd period - Stopped by Thatcher Demko with a rebound.
18:14 of 2nd period - Wrist shot by Luke Glendening.
18:14 of 2nd period - Deflect By Nazem Kadri.
18:14 of 2nd period - Stopped by Thatcher Demko with a rebound.
18:16 of 2nd period - Slapshot by Timothy Liljegren.
18:16 of 2nd period - Shot Blocked by Nazem Kadri.
18:20 of 2nd period - Wrist shot by Keegan Kolesar.
18:20 of 2nd period - Shot Misses the Net.
18:22 of 2nd period - Snap shot by Luke Glendening.
18:22 of 2nd period - Stopped by Thatcher Demko without a rebound.
18:23 of 2nd period - Frederick Gaudreau wins face-off versus Claude Giroux in Blue Jackets zone.
18:28 of 2nd period - Slapshot by Evan Bouchard.
18:28 of 2nd period - Shot Misses the Net.
19:56 of 2nd period - Timothy Liljegren is hit by Simon Benoit and loses puck.
Goals for this period are 0 for Predators vs 1 for Blue Jackets.
Shots for this period are 10 for Predators vs 14 for Blue Jackets.

3rd period


0:01 of 3rd period - Nazem Kadri wins face-off versus Steven Stamkos in neutral zone.
0:12 of 3rd period - Snap shot by Cole Caufield.
0:12 of 3rd period - Goal by Cole Caufield - Predators : 3 - Blue Jackets : 1.
0:13 of 3rd period - Claude Giroux wins face-off versus Frederick Gaudreau in neutral zone.
0:40 of 3rd period - Erik Gudbranson is hit by Ryan McDonagh and loses puck.
0:46 of 3rd period - Icing by Nazem Kadri.
0:47 of 3rd period - Blake Lizotte wins face-off versus Nazem Kadri in Blue Jackets zone.
0:50 of 3rd period - Wrist shot by Blake Lizotte.
0:50 of 3rd period - Shot Misses the Net.
0:52 of 3rd period - Snap shot by Jaden Schwartz.
0:52 of 3rd period - Stopped by Thatcher Demko without a rebound.
0:53 of 3rd period - Blake Lizotte wins face-off versus Frederick Gaudreau in Blue Jackets zone.
1:20 of 3rd period - Claude Giroux is hit by Mattias Ekholm and loses puck.
1:49 of 3rd period - Seth Jarvis is hit by Adam Erne and loses puck.
2:12 of 3rd period - Slapshot by Simon Benoit.
2:12 of 3rd period - Shot Misses the Net.
2:14 of 3rd period - Wrist shot by Alexander Kerfoot.
2:14 of 3rd period - Stopped by Carter Hart with a rebound.
2:32 of 3rd period - Wrist shot by Mason McTavish.
2:32 of 3rd period - Goal by Mason McTavish - Predators : 4 - Blue Jackets : 1.
2:33 of 3rd period - Nazem Kadri wins face-off versus Claude Giroux in neutral zone.
3:04 of 3rd period - Off-side.
3:05 of 3rd period - Blake Lizotte wins face-off versus Frederick Gaudreau in neutral zone.
3:13 of 3rd period - Icing by Trevor Moore.
3:14 of 3rd period - Claude Giroux wins face-off versus Frederick Gaudreau in Blue Jackets zone.
3:24 of 3rd period - Off-side.
3:25 of 3rd period - Claude Giroux wins face-off versus Nazem Kadri in neutral zone.
4:05 of 3rd period - Snap shot by Jaden Schwartz.
4:05 of 3rd period - Shot Blocked by Mattias Ekholm.
4:25 of 3rd period - Slapshot by Alexander Kerfoot.
4:25 of 3rd period - Shot Blocked by Ryan McDonagh.
5:24 of 3rd period - Snap shot by Sam Lafferty.
5:24 of 3rd period - Stopped by Carter Hart without a rebound.
5:25 of 3rd period - Nazem Kadri wins face-off versus Blake Lizotte in Predators zone.
5:30 of 3rd period - Snap shot by Jonathan Marchessault.
5:30 of 3rd period - Shot Misses the Net.
5:42 of 3rd period - Snap shot by Phil Kessel.
5:42 of 3rd period - Stopped by Thatcher Demko with a rebound.
5:52 of 3rd period - Trevor Moore is hit by Nicolas Hague and loses puck.
8:19 of 3rd period - Snap shot by Nicolas Hague.
8:19 of 3rd period - Shot Misses the Net.
8:21 of 3rd period - Snap shot by Mason McTavish.
8:21 of 3rd period - Stopped by Thatcher Demko with a rebound.
8:23 of 3rd period - Slapshot by Mason McTavish.
8:23 of 3rd period - Shot Misses the Net.
8:25 of 3rd period - Wrist shot by J.J. Peterka.
8:25 of 3rd period - Shot Misses the Net.
8:27 of 3rd period - Snap shot by Mason McTavish.
8:27 of 3rd period - Stopped by Thatcher Demko without a rebound.
8:28 of 3rd period - Nazem Kadri wins face-off versus Claude Giroux in Blue Jackets zone.
8:36 of 3rd period - Nazem Kadri and Claude Giroux fight to a draw.
8:36 of 3rd period - Penalty to Nazem Kadri for Fighting.
8:36 of 3rd period - Penalty to Claude Giroux for Fighting.
8:36 of 3rd period - Penalty to Nazem Kadri for instigated a fight.
8:36 of 3rd period - Penalty to Nazem Kadri for instigated a fight.
8:37 of 3rd period - Blake Lizotte wins face-off versus Jason Dickinson in Predators zone.
9:32 of 3rd period - Cole Caufield is hit by Jason Dickinson and loses puck.
10:36 of 3rd period - Penalty to Nazem Kadri is over, Jonathan Marchessault is send on ice.
10:42 of 3rd period - Wrist shot by Jonathan Marchessault.
10:42 of 3rd period - Goal by Jonathan Marchessault - Predators : 4 - Blue Jackets : 2.
10:43 of 3rd period - Blake Lizotte wins face-off versus Seth Jarvis in neutral zone.
11:10 of 3rd period - Steven Stamkos is hit by Trevor Moore and loses puck.
11:30 of 3rd period - Off-side.
11:31 of 3rd period - Luke Glendening wins face-off versus Ty Dellandrea in neutral zone.
12:58 of 3rd period - Nicolas Hague is hit by Ty Dellandrea and loses puck.
13:15 of 3rd period - Snap shot by Jonathan Marchessault.
13:15 of 3rd period - Stopped by Carter Hart without a rebound.
13:16 of 3rd period - Luke Glendening wins face-off versus Trevor Moore in Predators zone.
13:29 of 3rd period - Slapshot by Keegan Kolesar.
13:29 of 3rd period - Shot Blocked by Trevor Moore.
13:31 of 3rd period - Snap shot by Adam Erne.
13:31 of 3rd period - Shot Blocked by Jamie Oleksiak.
13:57 of 3rd period - Wrist shot by Philipp Kurashev.
13:57 of 3rd period - Deflect By Seth Jarvis.
13:57 of 3rd period - Stopped by Carter Hart without a rebound.
13:58 of 3rd period - Blake Lizotte wins face-off versus Seth Jarvis in Predators zone.
14:02 of 3rd period - Off-side.
14:03 of 3rd period - J.T. Miller wins face-off versus Blake Lizotte in neutral zone.
14:10 of 3rd period - Wrist shot by J.T. Miller.
14:10 of 3rd period - Stopped by Carter Hart without a rebound.
14:11 of 3rd period - Claude Giroux wins face-off versus Frederick Gaudreau in Predators zone.
14:16 of 3rd period - Snap shot by Erik Gustafsson.
14:16 of 3rd period - Deflect By Frederick Gaudreau.
14:16 of 3rd period - Stopped by Thatcher Demko without a rebound.
14:17 of 3rd period - Frederick Gaudreau wins face-off versus Claude Giroux in Blue Jackets zone.
14:28 of 3rd period - Snap shot by Trevor Moore.
14:28 of 3rd period - Stopped by Carter Hart without a rebound.
14:29 of 3rd period - Frederick Gaudreau wins face-off versus Claude Giroux in Predators zone.
17:22 of 3rd period - Slapshot by Timothy Liljegren.
17:22 of 3rd period - Shot Blocked by J.T. Miller.
17:54 of 3rd period - Evan Bouchard is hit by Erik Gustafsson and loses puck.
19:29 of 3rd period - Blake Lizotte is hit by Erik Gudbranson and loses puck.
19:44 of 3rd period - Erik Gustafsson is hit by Sam Lafferty and loses puck.
Goals for this period are 2 for Predators vs 1 for Blue Jackets.
Shots for this period are 7 for Predators vs 7 for Blue Jackets.